Map: Ulrena

Players

Miltreta

  • Race: Terran Terran
  • League: Bronze

Salocin - Winner!

  • Race: Protoss Protoss
  • League: Bronze

VOD

Have the link to the VOD?

Description

Time

  • Played on: March 17, 2016, 7:59 a.m.
  • Length: 25:21
Show
View Real Time Build Order
Export as new Build Order

Miltreta Terran 

Build Orders:  

Get SALT Encoding   

  12  0:01  SCV  
  13  0:18  Supply Depot  
  13  0:20  Refinery  
  13  0:24  SCV  
  14  0:40  Barracks  
  15  0:50  SCV  
  15  1:02  SCV, Supply Depot  
  16  1:29  SCV  
  17  1:44  Barracks Reactor  
  17  2:01  SCV  
  18  2:12  Factory  
  18  2:14  Refinery  
  18  2:20  SCV  
  19  2:33  Command Center  
  19  2:34  Marine x2  
  21  2:40  SCV  
  22  2:58  Marine x2  
  24  3:00  Factory Tech Lab  
  24  3:04  Factory Tech Lab  
  24  3:14  Barracks  
  24  3:15  Barracks  
  24  3:18  Factory  
  24  3:20  Marine x2  
  26  3:30  Supply Depot  
  26  3:38  Marine x2  
  28  3:51  Siege Tank  
  31  3:58  SCV  
  32  4:08  Factory Reactor  
  32  4:11  SCV  
  33  4:19  Starport  
  33  4:28  Barracks Tech Lab  
  33  4:30  Barracks Tech Lab  
  33  4:36  Marine x2  
  35  4:40  Widow Mine  
  37  4:51  Orbital Command  
  37  4:59  Marine x2  
  39  5:26  Starport Reactor  
  39  5:28  Supply Depot  
  39  5:29  Supply Depot  
  39  5:49  Marine x3  
  39  5:50  Siege Tank  
  45  6:02  Supply Depot  
  45  6:04  Supply Depot  
  45  6:08  Medivac x2  
  49  6:14  Widow Mine x2  
  49  6:17  Marine  
  54  6:20  Marine  
  55  6:40  Marine x2  
  57  7:00  Marine x2  
  57  7:01  Marine  
  60  7:24  Stimpack  
  60  7:27  Command Center  
  60  7:29  Combat Shields  
  50  8:06  Medivac x2  
  50  8:11  Cyclone  
  57  8:15  Widow Mine  
  57  8:16  Widow Mine  
  61  8:28  Command Center  
  61  8:29  Supply Depot  
  61  8:34  Supply Depot  
  61  8:38  Marine  
  61  8:39  Marine  
  61  8:40  Marine x2  
  65  8:50  Starport  
  65  8:53  Supply Depot  
  65  9:01  Engineering Bay  
  65  9:34  Starport Reactor  
  65  9:35  Viking x2  
  69  9:41  Siege Tank  
  72  9:55  SCV  
  73  10:06  SCV  
  74  10:09  Refinery  
  74  10:12  Marine x2  
  76  10:15  Marine x2  
  76  10:18  Terran Infantry Weapons Level 1  
  78  10:26  Engineering Bay  
  78  10:51  Orbital Command  
  78  10:57  Widow Mine  
  78  10:58  Widow Mine  
  78  11:01  Medivac x2  
  78  11:02  Medivac x2  
  90  11:06  Terran Infantry Armor Level 1  
  90  11:16  Armory  
  90  11:21  Armory  
  90  11:26  Supply Depot  
  90  11:27  Marine x3  
  90  11:30  Supply Depot  
  93  12:00  Orbital Command  
  93  12:13  Widow Mine x2  
  97  12:16  Siege Tank  
  97  12:20  Medivac x2  
  97  12:21  Marine x3  
  97  12:22  Marine  
  104  13:27  Refinery  
  104  13:39  Thor  
  110  13:56  Viking x3  
  110  13:57  Viking  
  118  14:03  Terran Infantry Weapons Level 2  
  118  14:11  SCV x3  
  121  14:23  Cyclone  
  124  14:26  Marine x3  
  124  14:27  Marine  
  124  14:30  Widow Mine x2  
  132  14:49  Refinery  
  132  14:50  SCV x2  
  134  15:15  Command Center  
  134  15:18  Medivac x2  
  134  15:20  Marine x3  
  141  15:27  Marine  
  142  15:37  Marine  
  143  15:46  Marine  
  143  15:47  Marine  
  143  15:48  Siege Tank  
  144  16:30  Marine x3  
  144  16:31  Marine, Siege Tank  
  126  16:48  Viking x2  
  124  16:58  Viking  
  124  16:59  Viking  
  128  17:01  Marine  
  128  17:02  Marine x3  
  128  17:04  Siege Tank  
  135  17:14  Barracks  
  135  17:17  Barracks  
  135  17:19  Marine  
  136  17:24  Marine x2  
  136  17:25  Marine  
  139  17:35  Thor  
  145  17:40  SCV  
  146  17:44  SCV  
  146  17:46  Orbital Command  
  147  17:57  SCV  
  148  18:06  Barracks Reactor x2  
  148  18:08  Marine x2  
  148  18:09  Marine x2, SCV  
  148  18:12  Supply Depot  
  153  18:14  Viking x2, Supply Depot  
  153  18:15  Supply Depot  
  153  18:18  Thor  
  163  18:21  SCV  
  163  18:26  Marine  
  165  18:33  SCV  
  166  18:45  SCV  
  167  18:58  Viking x3  
  167  18:59  Viking  
  157  19:28  Viking x2  
  114  20:01  Viking x3  
  114  20:02  Marine x2, Viking  
  114  20:03  Marine x4  
  91  20:48  Marine  
  91  20:49  Marine x4  
  89  20:50  Marine  
  83  21:02  Viking x4  
  85  21:06  Marine x2  
  85  21:07  Marine x4  
  83  21:24  Marine x2  
  77  21:32  Viking x2  
  79  21:34  Marine x4  
  79  21:36  Viking  
  79  21:37  Viking  
  87  21:42  Marine x2  
  89  21:52  Marine  
  81  22:14  Refinery  
  70  22:36  Liberator  
  191  22:37  Liberator  
  47  22:38  Marine x6  
  47  22:40  Viking  
  47  22:41  Viking  
  60  22:55  Marine  
  63  23:02  Marine x4  
  63  23:03  Marine  
  64  23:13  Marine  
  61  23:20  Barracks  
  61  23:21  Barracks  
  61  23:22  Barracks  
  61  23:24  Barracks  
  61  23:25  SCV x2  
  40  23:37  SCV x2  
  41  23:48  Barracks  
  33  23:50  Barracks  
  31  24:22  Barracks Reactor x3  
  31  24:29  Barracks Reactor  
  23  24:43  Marine x2  
  9  25:00  Marine  
  9  25:01  Marine  
Show
View Real Time Build Order
Export as new Build Order

Salocin Protoss - Winner!

Build Orders:  

Get SALT Encoding   

  12  0:01  Probe (Chrono Boost)  
  13  0:12  Probe (Chrono Boost)  
  14  0:22  Pylon  
  14  0:29  Probe (Chrono Boost)  
  15  0:40  Probe (Chrono Boost)  
  16  0:49  Pylon  
  16  0:53  Forge  
  16  1:12  Probe (Chrono Boost)  
  17  1:23  Probe (Chrono Boost)  
  18  1:34  Probe (Chrono Boost)  
  18  1:35  Photon Cannon  
  18  1:37  Photon Cannon  
  19  1:43  Assimilator  
  19  1:44  Probe (Chrono Boost)  
  20  1:55  Probe (Chrono Boost)  
  21  2:07  Nexus  
  21  2:18  Assimilator  
  21  2:23  Assimilator  
  21  2:33  Gateway  
  21  2:34  Gateway  
  21  3:00  Probe (Chrono Boost)  
  22  3:10  Probe (Chrono Boost)  
  23  3:29  Pylon  
  23  3:35  Pylon  
  23  3:40  Pylon  
  23  3:41  Zealot (Chrono Boost)  
  23  3:44  Pylon  
  23  3:45  Zealot (Chrono Boost)  
  23  3:47  Pylon  
  27  3:51  Probe  
  28  4:02  Probe  
  28  4:06  Zealot (Chrono Boost)  
  33  4:12  Zealot (Chrono Boost), Probe  
  33  4:14  Probe  
  35  4:23  Probe  
  35  4:26  Probe  
  35  4:29  Zealot (Chrono Boost)  
  39  4:33  Probe  
  39  4:38  Probe  
  43  4:39  Zealot (Chrono Boost)  
  43  4:44  Probe  
  43  4:50  Probe  
  45  4:53  Zealot (Chrono Boost)  
  45  4:54  Probe  
  48  5:02  Probe  
  48  5:05  Probe  
  48  5:07  Zealot (Chrono Boost)  
  52  5:14  Probe  
  52  5:15  Probe  
  52  5:17  Zealot (Chrono Boost)  
  52  5:18  Assimilator  
  52  5:20  Assimilator  
  56  5:26  Probe x2  
  58  5:30  Cybernetics Core  
  58  5:34  Zealot (Chrono Boost)  
  60  5:36  Probe  
  60  5:38  Probe  
  60  5:40  Zealot (Chrono Boost), Gateway  
  60  5:41  Gateway  
  64  5:51  Probe  
  67  6:01  Zealot (Chrono Boost)  
  67  6:04  Zealot (Chrono Boost)  
  69  6:18  Stargate  
  69  6:19  Stargate  
  69  6:21  Stargate  
  73  6:33  Stalker (Chrono Boost)  
  73  6:36  Stalker (Chrono Boost)  
  73  6:37  Stalker x2 (Chrono Boost)  
  77  6:57  Photon Cannon  
  77  7:00  Photon Cannon  
  77  7:05  Photon Cannon  
  77  7:06  Photon Cannon x2  
  77  7:14  Void Ray x2  
  85  7:23  Pylon  
  85  7:28  Pylon  
  85  7:31  Pylon  
  85  7:41  Pylon, Void Ray  
  89  7:44  Pylon  
  89  8:32  Nexus  
  89  8:35  Assimilator  
  89  8:37  Assimilator  
  89  8:39  Pylon  
  89  8:41  Pylon  
  89  8:44  Pylon, Void Ray (Chrono Boost)  
  89  8:45  Void Ray (Chrono Boost)  
  101  8:51  Void Ray (Chrono Boost)  
  101  9:15  Stalker x2  
  101  9:16  Stalker x2  
  109  9:17  Photon Cannon  
  109  9:18  Photon Cannon  
  109  9:26  Void Ray (Chrono Boost)  
  109  9:27  Void Ray (Chrono Boost)  
  121  9:34  Void Ray (Chrono Boost)  
  121  9:58  Probe  
  122  10:00  Probe x2  
  124  10:09  Probe  
  124  10:10  Protoss Air Weapons Level 1  
  124  10:12  Probe x2  
  124  10:13  Protoss Shields Level 1  
  127  10:19  Probe  
  128  10:24  Probe x2  
  130  10:30  Probe  
  131  10:36  Probe x2  
  131  10:40  Probe  
  134  10:46  Stalker x4  
  134  10:48  Probe x2  
  144  11:17  Void Ray x3 (Chrono Boost)  
  156  11:37  Nexus  
  156  11:41  Assimilator  
  156  11:44  Assimilator  
  156  11:54  Assimilator  
  156  11:56  Assimilator  
  156  12:00  Nexus  
  156  12:05  Protoss Air Armor Level 1  
  156  12:23  Pylon  
  156  12:25  Pylon  
  156  12:28  Pylon  
  156  12:30  Pylon  
  156  12:35  Pylon  
  156  12:39  Pylon  
  156  12:43  Pylon  
  140  13:04  Void Ray (Chrono Boost)  
  140  13:05  Void Ray x2 (Chrono Boost)  
  120  13:10  Stalker x3  
  120  13:11  Stalker  
  128  13:40  Stalker x3  
  128  13:41  Stalker  
  136  13:42  Void Ray x3 (Chrono Boost)  
  148  14:11  Fleet Beacon  
  148  14:19  Void Ray x3 (Chrono Boost)  
  160  14:56  Void Ray x3 (Chrono Boost)  
  172  15:10  Stargate x2  
  172  15:13  Stargate  
  172  15:19  Probe  
  173  15:30  Probe  
  173  15:33  Void Ray (Chrono Boost), Protoss Air Weapons Level 2  
  173  15:34  Void Ray x2 (Chrono Boost)  
  186  15:40  Probe  
  186  15:42  Anion Pulse-Crystals  
  187  15:51  Probe  
  188  16:02  Probe  
  175  16:16  Tempest x2 (Chrono Boost)  
  175  16:17  Tempest (Chrono Boost)  
  175  16:25  Probe  
  176  16:35  Probe  
  173  16:46  Graviton Catapult, Probe  
  174  16:59  Tempest x3 (Chrono Boost)  
  178  17:37  Pylon  
  178  17:40  Pylon  
  178  17:42  Tempest (Chrono Boost)  
  178  17:43  Pylon  
  178  17:46  Pylon  
  178  17:49  Protoss Air Armor Level 2  
  178  17:50  Pylon  
  178  17:54  Pylon  
  125  19:53  Void Ray (Chrono Boost)  
  125  19:54  Void Ray x2 (Chrono Boost)  
  109  20:31  Void Ray x3 (Chrono Boost)  
  113  21:08  Void Ray (Chrono Boost)  
  113  21:25  Void Ray (Chrono Boost)  
  113  21:26  Void Ray (Chrono Boost)  
  113  21:45  Void Ray (Chrono Boost)  
  113  22:03  Void Ray x2 (Chrono Boost)  
  121  22:20  Protoss Air Weapons Level 3  
  121  22:22  Void Ray (Chrono Boost), Protoss Ground Weapons Level 1  
  117  22:40  Void Ray x2 (Chrono Boost)  
  125  23:00  Void Ray (Chrono Boost)  
  129  23:17  Void Ray x2 (Chrono Boost)  
  137  23:37  Void Ray (Chrono Boost)  
  141  23:54  Void Ray (Chrono Boost)  
  141  23:55  Void Ray (Chrono Boost)  
  149  24:14  Nexus  
  149  24:18  Assimilator  
  149  24:19  Assimilator  
  149  24:24  Assimilator  
  149  24:26  Assimilator  
  149  24:28  Nexus  
  149  24:31  Assimilator  
  141  25:03  Nexus  
  141  25:10  Assimilator  
Tags
 
Add a new tag
Caveats
  • Supply blocks, unpowered buildings, or Contaminate may cause inaccurate times.
  • Supply counts are checked every 10 seconds.